 Dungeon Crawl Stone Soup version 0.15.1-3-g1b33baa (webtiles) character file.

197 Johnny the Chiller (level 5, 0/40 HPs)
             Began as a Demigod Ice Elementalist on Oct 5, 2014.
             Succumbed to an orc's poison
             ... on Level 4 of the Dungeon.
             The game lasted 00:10:10 (2493 turns).

Johnny the Chiller (Demigod Ice Elementalist)       Turns: 2493, Time: 00:10:10

HP   0/40        AC  7     Str 13      XL: 5   Next: 22%
MP   6/12        EV 17     Int 20      God:
Gold 155         SH  0     Dex 21      Spells:  2 memorised,  4 levels left

rFire  . . .     SeeInvis .     p - +3 hand axe (venom)
rCold  . . .     Clarity  .     e - +3 leather armour
rNeg   . . .     rCorr    .     (no shield)
rPois  .         rRot     .     (no helmet)
rElec  .         Spirit   .     (no cloak)
SustAb .         Warding  .     g - +0 pair of gloves
rMut   .         Stasis   .     (no boots)
Gourm  .                        (no amulet)
MR     .....                    (no ring)
                                (no ring)

@: agile, lethally poisoned, very slightly contaminated, not resistant to
hostile enchantments, fairly stealthy
A: no striking features
a: no special abilities


You were on level 4 of the Dungeon.
You were not hungry.

You visited 1 branch of the dungeon, and saw 4 of its levels.

You collected 155 gold pieces.

Inventory:

Hand weapons
 d - a +1 dagger of venom
 p - a +3 hand axe of venom (weapon)
Armour
 e - a +3 leather armour (worn)
 g - a +0 pair of gloves (worn)
Magical devices
 l - a wand of confusion (8)
Comestibles
 a - 2 meat rations
 c - 2 bread rations
 n - a royal jelly
Scrolls
 f - a scroll of amnesia
 h - a scroll of remove curse
 i - 2 scrolls of teleportation
 m - 2 scrolls of identify
Jewellery
 o - an uncursed ring of teleportation
Potions
 j - a potion of agility
Books
 b - a book of Frost

   Spells                             Type                      Level
   *Freeze                            Ice                          1
   Throw Frost                        Conjuration/Ice              2
   Ozocubu's Armour                   Charms/Ice                   3
   Throw Icicle                       Conjuration/Ice              4
   *Summon Ice Beast                  Ice/Summoning                4
   Condensation Shield                Ice                          4


   Skills:
 * Level 1.4 Fighting
 + Level 1.1 Armour
 + Level 2.1 Dodging
 * Level 2.9 Stealth
 * Level 2.6 Spellcasting
   Level 0.8 Conjurations
 * Level 0.5 Summonings
 * Level 3.3 Ice Magic
 * Level 1.1 Evocations


You had 4 spell levels left.
You knew the following spells:

 Your Spells              Type           Power        Failure   Level  Hunger
a - Freeze                Ice            ###.         3%          1    None
b - Summon Ice Beast      Ice/Summ       ##......     71%         4    ####...


Dungeon Overview and Level Annotations

Branches:
Dungeon (4/15)
 Temple: D:4-7

Annotations:
D:3 exclusion: oklob plant


Message History

Okay, then.
It was a scroll of amnesia.
Unknown command.
Read which item? (? for menu, Esc to quit)
As you read the scroll labeled ISTOOZE CETOCW, it crumbles to dust.
It is a scroll of enchant weapon.
Enchant which weapon? (? for menu, Esc to quit)
Your +2 hand axe of venom glows red for a moment.
* * * LOW HITPOINT WARNING * * *
You feel sick.
Read which item? (? for menu, Esc to quit)
As you read the scroll labeled QEL MNEQISEDI, it crumbles to dust.
It is a scroll of identify.
Identify which item? (\ to view known items) (? for menu, Esc to quit)
l - a wand of confusion (8)
Your surroundings suddenly seem different.
Found a leather armour.
Drink which item? (? for menu, Esc to quit)
You feel agile all of a sudden.
You die...

......##
..... ....
# . ...
#######...#
#.[.@...#
######.## #


There were no monsters in sight!

Vanquished Creatures
  2 orc wizards
  5 adders
  A giant mite (D:3)
  A worm (D:2)
  A giant gecko (D:1)
  9 orcs
  10 bats
  3 giant cockroaches
  8 hobgoblins
  2 ball pythons
  4 giant newts
  8 goblins
  7 jackals
  11 kobolds
  8 rats
  A ballistomycete (D:3)
81 creatures vanquished.

Vanquished Creatures (others)
  A giant spore (D:3)
1 creature vanquished.

Grand Total: 82 creatures vanquished

Notes
Turn   | Place    | Note
--------------------------------------------------------------
     0 | D:1      | Johnny, the Demigod Ice Elementalist, began the quest for the Orb.
     0 | D:1      | Reached XP level 1. HP: 14/14 MP: 3/3
   249 | D:1      | Reached XP level 2. HP: 17/22 MP: 4/4
   874 | D:1      | Reached XP level 3. HP: 27/27 MP: 8/8
  1287 | D:2      | Reached skill level 1 in Fighting
  1287 | D:2      | Reached skill level 1 in Armour
  1324 | D:2      | Reached skill level 3 in Ice Magic
  1558 | D:2      | Reached XP level 4. HP: 32/35 MP: 4/11
  1564 | D:2      | Learned a level 4 spell: Summon Ice Beast
  2007 | D:3      | Found a sparkling altar of Nemelex Xobeh.
  2038 | D:3      | Reached skill level 1 in Evocations
  2256 | D:3      | Found a blossoming altar of Fedhas.
  2280 | D:3      | Noticed an oklob plant
  2354 | D:3      | Reached XP level 5. HP: 40/40 MP: 12/12
  2485 | D:4      | HP: 2/40 [poisoned by an orc]
  2490 | D:4      | HP: 1/40 [poisoned by an orc]
  2493 | D:4      | Succumbed to an orc's poison

Action                   |  1- 3 |  4- 6 || total
-------------------------+-------+-------++-------
Melee: Dagger            |    92 |    70 ||   162
       Unarmed           |     4 |       ||     4
 Cast: Freeze            |    33 |    24 ||    57
Evoke: Wand              |       |     1 ||     1
  Use: Potion            |       |     5 ||     5
       Scroll            |       |     7 ||     7
 Stab: Sleeping          |     1 |     1 ||     2
  Eat: Chunk             |     2 |     3 ||     5
